 Dungeon Crawl Stone Soup version 0.23-a0-344-ge122d05 (webtiles) character file.

136 namelastname112 the Skirmisher (level 4, -6/44 HPs)
             Began as a Draconian Wanderer on Oct 19, 2018.
             Mangled by a gnoll
             ... wielding a +0 halberd
              (15 damage)
             ... on level 2 of the Dungeon.
             The game lasted 00:03:55 (2536 turns).

namelastname112 the Skirmisher (Draconian Wanderer) Turns: 2536, Time: 00:03:55

Health: -6/44      AC:  5    Str: 14    XL:     4   Next: 98%
Magic:  5/5        EV: 13    Int: 13    God:
Gold:   94         SH:  0    Dex: 11    Spells: 5/5 levels left

rFire    . . .     SeeInvis .   a - +2 mace
rCold    . . .     Gourm    .   (no shield)
rNeg     . . .     Faith    .   (armour unavailable)
rPois    .         Spirit   .   (helmet restricted)
rElec    .         Reflect  .   (no cloak)
rCorr    .         Harm     .   (no gloves)
MR       .....                  (no boots)
Stlth    +.........             (no amulet)
HPRegen  0.14/turn              (no ring)
MPRegen  0.09/turn              (no ring)

@: no status effects
A: unfitting armour, cold-blooded, AC +5
a: no special abilities


You were on level 2 of the Dungeon.
You were hungry.

You visited 1 branch of the dungeon, and saw 3 of its levels.

You collected 94 gold pieces.

Inventory:

Hand Weapons
 a - a +2 mace (weapon)
Scrolls
 b - 2 scrolls of fog
 f - 2 scrolls of identify
 i - a scroll of magic mapping
Potions
 c - 2 potions of lignification {unknown}
 e - a potion of heal wounds {unknown}
 g - a potion of berserk rage
 h - a potion of resistance {unknown}
Comestibles
 d - 9 rations


   Skills:
 + Level 5.8 Fighting
 - Level 1.0 Maces & Flails
 + Level 2.8 Dodging
 - Level 1.0 Stealth
   Level 1.0 Shields
 - Level 1.0 Spellcasting
   Level 2.0 Fire Magic


You had 5 spell levels left.
You didn't know any spells.
Your spell library contained the following spells:

 Spells                   Type           Power        Failure   Level  Hunger
 Flame Tongue             Conj/Fire      #....        19%         1    ##.....
 Sandblast                Erth           #.....       28%         1    ##.....
 Conjure Flame            Conj/Fire      #.......     50%         3    ####...
 Stone Arrow              Conj/Erth      #.....       63%         3    ####...


Dungeon Overview and Level Annotations

Branches:
Dungeon (3/15)

Altars:
Gozag

Annotations:
D:2 Natasha


Innate Abilities, Weirdness & Mutations

Your plain brown scales are hard. (AC +5)
You cannot fit into any form of body armour.
You are cold-blooded and may be slowed by cold attacks.


Message History

The gnoll closely misses you.
You closely miss the gnoll.
The gnoll is almost dead.
The gnoll misses you.
You barely miss the gnoll.
The gnoll is almost dead.
The gnoll barely misses you.
You closely miss the gnoll.
The gnoll is almost dead.
The gnoll closely misses you.
You closely miss the gnoll.
The gnoll is almost dead.
The gnoll hits you with a +0 halberd!
* * * LOW HITPOINT WARNING * * *
You take 13 damage, and have 9/44 hp.
MASSIVE DAMAGE!!
You are feeling hungry.
You hit the gnoll.
The gnoll is almost dead.
The gnoll hits you with a +0 halberd!
You die...

### ######.########
#..............
#.####.########
##########.####.########
#<......................
##########.####.########
####..g........# # #####
##.....@........######## #...#
#......)................ #...#
#..รท.##.................
#...# #.##.#................##
#...# #.##.#......#..#.###..##
#...###
#.##.#....#.##.#.###..##
#.....#
#.##.#....#.##.#........
###...#
#.##.#....#.##...##...#.
#...###.##.####.#.#...........


You could see a gnoll.

Vanquished Creatures
  Natasha (twice) (D:2)
  A gnoll (D:2)
  2 adders (D:2)
  An ooze (D:1)
  2 dart slugs (D:1)
  3 leopard geckos
  3 bats (D:2)
  4 giant cockroaches (D:1)
  7 goblins
  3 hobgoblins
  A quokka (D:2)
  2 ball pythons
  8 frilled lizards
  4 kobolds
  9 rats
52 creatures vanquished.

Notes
Turn   | Place    | Note
-------+----------+-------------------------------------------
     0 | D:1      | namelastname112 the Draconian Wanderer began the quest for
                  | the Orb.
     0 | D:1      | namelastname112 set off with: a +2 mace, a ration
     0 | D:1      | Reached XP level 1. HP: 22/22 MP: 2/2
   293 | D:1      | Reached skill level 1 in Dodging
   293 | D:1      | Reached XP level 2. HP: 23/28 MP: 3/3
   665 | D:1      | Reached skill level 5 in Fighting
   678 | D:1      | Reached XP level 3. HP: 36/36 MP: 4/4
  1612 | D:2      | Reached XP level 4. HP: 42/42 MP: 5/5
  1851 | D:2      | Found an opulent altar of Gozag.
  1874 | D:2      | Noticed Natasha
  1882 | D:2      | Killed Natasha
  2015 | D:2      | Noticed Natasha
  2021 | D:2      | Killed Natasha
  2272 | D:2      | Noticed Natasha
  2536 | D:2      | Mangled by a gnoll

Vault maps used:
D:1:      minmay_arrival_wavy_path
D:2:      nicolae_gozag_cash_rules_everything_around_me, uniq_natasha
D:3:      tgw_sif

Skill      XL: |  1  2  3 |
---------------+----------+-----
Dodging        | 1 2 |  2.8
Fighting       | 5 |  5.8
Maces & Flails | |  1.0
Stealth        | |  1.0
Shields        | |  1.0
Spellcasting   | |  1.0
Fire Magic     | |  2.0

Action                   |  1- 3 |  4- 6 || total
-------------------------+-------+-------++-------
Melee: Mace              |    85 |    35 ||   120
       Tailslap          |    15 |     4 ||    19
       Dagger            |    87 |       ||    87
  Use: Scroll            |     7 |       ||     7
 Stab: Sleeping          |     3 |       ||     3
  Eat: Chunk             |     2 |     3 ||     5
Armor: Skin              |    46 |    10 ||    56
Dodge: Dodged            |   105 |    26 ||   131

Table legend:
 A = Non-vault XP
 B = Vault XP
 C = Vault XP percentage of total XP
 D = Non-vault monster count
 E = Vault monster count
 F = Vault count percentage of total count
                 A         B        C        D         E       F
            +---------+---------+-------+---------+---------+-------
      Total |     160 |      35 |  17.9 |      51 |       1 |   1.9
            +---------+---------+-------+---------+---------+-------
        D:1 |      54 |       0 |   0.0 |      29 |       0 |   0.0
        D:2 |     105 |      35 |  25.0 |      21 |       1 |   4.5
        D:3 |       1 |       0 |   0.0 |       1 |       0 |   0.0
            +---------+---------+-------+---------+---------+-------
